Map: Catalyst LE

Players

JonSnow - Winner!

  • Race: Zerg Zerg
  • League: Master
  • Spawn Location: 5:00

puCK (Nina)

  • Race: Protoss Protoss
  • Spawn Location: 11:00

VOD

Have the link to the VOD?

Description

Time

  • Played on: Feb. 1, 2018, 3:52 p.m.
  • Length: 5:50
Show
View Real Time Build Order
Export as new Build Order

JonSnow Zerg - Winner!

Build Orders: Hatch First 

Get SALT Encoding   

  12  0:01  Drone  
  13  0:13  Overlord  
  13  0:18  Drone  
  14  0:31  Drone x2  
  16  0:35  Drone  
  17  0:55  Drone  
  18  0:58  Drone  
  18  1:00  Hatchery  
  18  1:08  Drone  
  19  1:11  Extractor  
  19  1:18  Spawning Pool  
  17  1:20  Drone  
  18  1:30  Drone  
  19  1:41  Drone  
  20  1:51  Hatchery  
  19  2:04  Zergling x2  
  19  2:05  Queen  
  22  2:13  Queen  
  24  2:18  Metabolic Boost  
  24  2:25  Overlord  
  24  2:30  Drone  
  24  2:33  Drone  
  24  2:35  Drone  
  27  2:39  Zergling x2  
  28  2:47  Zergling x2  
  29  2:57  Evolution Chamber  
  28  3:02  Drone x3  
  31  3:11  Zergling x8  
  34  3:25  Zergling x14  
  41  3:31  Zergling x2  
  42  3:34  Spore Crawler  
  42  3:40  Zergling x2  
  42  3:45  Overlord  
  42  4:04  Zergling x16  
  49  4:11  Zergling x2  
  49  4:15  Zergling x2  
  50  4:23  Zergling x4  
  49  4:34  Zergling x2  
  49  4:35  Overlord x2  
  49  4:42  Zergling x2  
  48  4:47  Zergling x2  
  48  4:48  Zergling x4  
  48  4:52  Zergling x2  
  48  4:53  Zergling x6  
  48  4:59  Zergling x2  
  48  5:04  Zergling x4  
  49  5:10  Drone  
  49  5:11  Drone x5  
  54  5:16  Drone  
  54  5:20  Drone  
Show
View Real Time Build Order
Export as new Build Order

puCK Protoss 

Build Orders: 1 Gate Expand, Oracle Opening 

Get SALT Encoding   

  12  0:00  Probe  
  13  0:12  Probe  
  14  0:19  Pylon  
  14  0:25  Probe (Chrono Boost)  
  15  0:37  Probe (Chrono Boost)  
  15  0:41  Gateway  
  16  0:46  Probe (Chrono Boost)  
  17  0:52  Probe, Assimilator  
  18  1:04  Probe  
  19  1:17  Probe  
  20  1:28  Nexus  
  20  1:38  Cybernetics Core  
  20  1:41  Probe  
  21  1:51  Assimilator  
  21  1:53  Probe  
  22  1:57  Pylon  
  22  2:05  Probe  
  23  2:13  Adept (Chrono Boost)  
  25  2:17  Probe  
  25  2:21  Stargate  
  26  2:29  Probe  
  27  2:32  Adept (Chrono Boost)  
  29  2:37  Warp Gate (Chrono Boost)  
  29  2:40  Probe  
  29  2:42  Probe  
  31  2:50  Adept (Chrono Boost)  
  31  2:52  Probe  
  31  2:56  Probe  
  35  3:03  Gateway  
  35  3:08  Probe  
  35  3:12  Oracle (Chrono Boost)  
  39  3:23  Probe  
  39  3:24  Probe  
  41  3:31  Robotics Facility  
  41  3:36  Probe (Chrono Boost)  
  41  3:37  Assimilator  
  41  3:38  Probe (Chrono Boost)  
  41  3:40  Assimilator  
  43  3:48  Probe (Chrono Boost)  
  45  3:49  Pylon  
  45  3:51  Probe (Chrono Boost)  
  45  3:53  Probe (Chrono Boost)  
  46  3:57  Twilight Council  
  46  4:07  Probe x2  
  48  4:10  Pylon  
  48  4:16  Shield Battery  
  48  4:19  Probe  
  45  4:34  Pylon  
  42  4:53  Shield Battery  
  42  4:56  Pylon  
  42  4:58  Pylon x3  
  42  4:59  Pylon  
  42  5:04  Pylon  
  42  5:13  Pylon  
Tags
 
Add a new tag
Caveats
  • Supply blocks, unpowered buildings, or Contaminate may cause inaccurate times.
  • Supply counts are checked every 10 seconds.